 Dungeon Crawl Stone Soup version 0.31-a0-1612-g4aaf141 (webtiles) character file.

Game seed: 12831556145286851971

10125 PublicAnimeNo1 the Toxicologist (level 10, -5/118 HPs)
             Began as a Demonspawn Alchemist on Jan 9, 2024.
             Was a Believer of Ru.
             Slain by a cane toad (8 damage)
             ... while petrified by a basilisk
             ... on level 1 of the Lair of Beasts.
             The game lasted 00:24:24 (10296 turns).

PublicAnimeNo1 the Toxicologist (DsAl)             Turns: 10296, Time: 00:24:24

Health: -5/118     AC: 25    Str:  8    XL:     10   Next: 32%
Magic:  3/19       EV:  2    Int: 19    God:    Ru [**....]
Gold:   700        SH:  0    Dex: 19    Spells: 10/22 levels left

rFire   + . .        I - +0 dagger (elec)
rCold   + + .        (no shield)
rNeg    + + +        (body armour currently unavailable)
rPois   ∞            (helmet currently unavailable)
rElec   +            (cloak currently unavailable)
rCorr   +            d - melded +0 pair of gloves
SInv    .            (boots currently unavailable)
Will    .....        (no amulet)
Stlth   ++++         r - +6 ring of dexterity
HPRegen 0.39/turn    B - ring of protection from cold
MPRegen 0.32/turn

%: no passive effects
@: lethally poisoned (-5 -> -5), tree-form, resistant, petrified, on berserk
cooldown, slowed, studying Shields
A: stationary, stasis, torment immunity, boosted hp, clumsy 1, (spiny 3), magic
regeneration, inexperienced 1, (sanguine armour 1)
a: Renounce Religion


You were on level 1 of the Lair of Beasts.
You worshipped Ru.
Ru was pleased with you.
You were a tree.
You visited 3 branches of the dungeon, and saw 12 of its levels.
You also visited: Bailey.

You collected 700 gold pieces.

Inventory:

Hand Weapons
 I - a +0 dagger of electrocution (weapon)
 Q - a +3 dagger of freezing
Missiles
 E - 2 throwing nets
Armour
 a - a +0 robe
 d - a +0 pair of gloves (melded)
 v - a +1 leather armour of poison resistance
 P - a +1 ring mail of willpower
Jewellery
 r - a +6 ring of dexterity (left branch)
 B - a ring of protection from cold (right branch)
 O - a ring of protection from fire
Wands
 l - a wand of paralysis (18)
 m - a wand of mindburst (11)
 o - a wand of digging (2)
 p - a wand of flame (17)
 H - a wand of iceblast (11)
Scrolls
 c - a scroll of immolation
 g - 5 scrolls of teleportation
 j - a scroll of poison
 k - 3 scrolls of revelation
 n - a scroll of fog
 y - 4 scrolls of enchant weapon
 C - a scroll of fear
 F - a scroll of summoning
 M - a scroll of amnesia
 N - 2 scrolls of identify
Potions
 b - 2 potions of magic
 f - 3 potions of attraction
 h - a potion of brilliance
 i - a potion of haste
 q - 4 potions of might
 t - a potion of mutation {unknown}
 u - a potion of heal wounds {unknown}
 x - 2 potions of curing


   Skills:
 + Level 7.1 Fighting
 + Level 4.9 Short Blades
 - Level 1.7 Dodging
 + Level 7.5 Stealth
 + Level 6.5 Spellcasting
 - Level 1.0 Conjurations
 + Level 3.0 Fire Magic
 + Level 10.4 Alchemy
 - Level 5.0 Evocations


You had 10 spell levels left.
You knew the following spells:

 Your Spells              Type           Power      Damage    Failure   Level
a - Sting                 Conj/Alch      100%       1d9       1%          1
b - Mephitic Cloud        Conj/Alch/Air  20%        N/A       7%          3
c - Sticky Flame          Fire/Alch      31%        2d7       7%          4
d - Olgreb's Toxic Radia  Alch           46%        N/A       1%          4

Your spell library contained the following spells:

 Spells                   Type           Power      Damage    Failure   Level
 Mercury Vapours          Alch/Air       52%        N/A       1%          2
 Kiss of Death            Conj/Necr      32%        2d7       9%          1
 Necrotise                Necr           24%        1d5       11%         1
 Sandblast                Erth           12%        2d6       11%         1
 Volatile Blastmotes      Fire/Tloc      22%        2d11      17%         3
 Dazzling Flash           Conj/Hex       16%        N/A       26%         3
 Stone Arrow              Conj/Erth      16%        3d8       26%         3
 Confusing Touch          Hex            6%         N/A       32%         3
 Passwall                 Erth           6%         N/A       32%         3
 Vampiric Draining        Necr           6%         2d6       32%         3
 Brom's Barrelling Bould  Conj/Erth      8%         2d3       65%         4
 Animate Armour           Summ/Erth      12%        N/A       71%         4
 Dispel Undead            Necr           6%         3d8       71%         4
 Martyr's Knell           Necr/Summ      6%         N/A       71%         4
 Curse of Agony           Necr           6%         N/A       96%         5
 Starburst                Conj/Fire      6%         6d4       100%        6
 Lehudib's Crystal Spear  Conj/Erth      4%         10d3      100%        8
 Maxwell's Capacitive Co  Air            3%         ∞         100%        8


Dungeon Overview and Level Annotations

Branches:
Dungeon (10/15)            Temple (1/1) D:7            Lair (1/5) D:9
 Bailey (visited)
    Orc: D:9-12

Altars:
Ashenzari
Cheibriados
Dithmenos
Fedhas
Gozag
Hepliaklqana
Kikubaaqudgha
Makhleb
Nemelex Xobeh
Okawaru
Qazlal
Ru
Sif Muna
Trog
Uskayaw
Vehumet
Wu Jian
Xom
Yredelemnul

Shops:
D:4 *   D:9 *

Annotations:
D:4 exclusion: ogre
D:5 exclusion: ogre
D:7 1 runed translucent door, Crazy Yiuf


Innate Abilities, Weirdness & Mutations

You are a tree.
Your roots penetrate the ground, keeping you stationary.
You cannot be teleported.
You are immune to unholy pain and torment.
Your maximum health is greatly increased.
You are immune to poison.
Your equipment is partially melded.
You are clumsy. (Dex -2)
((You are completely covered in sharp spines.))
You regenerate magic rapidly.
You are somewhat inexperienced. (-1 XL)
((When seriously injured, your blood forms armour. (AC +0)))


Message History

The basilisk gazes at you.
You are slowing down.
Your yak resists with some effort.
The cane toad stings you but does no damage.
Your yak gores the bush.
The basilisk is engulfed in poison gas.
The basilisk looks as sick as possible!
The basilisk gazes at you. You resist with some effort.
The cane toad completely misses you.
Casting: Sticky Flame (dangerous; 7% risk of failure)
Confirm with . or Enter, or press ? or * to list all spells.
Aiming: Sticky Flame (dangerous; 7% risk of failure)
Press: ? - help, Shift-Dir - straight line, f - cane toad
Aim: a cane toad (poison gas, severely wounded)
The sticky flame hits the cane toad.
The cane toad is almost dead.
The cane toad burns! x2
You kill the cane toad!
You kill the basilisk!
The water moccasin is stunned by your conviction and fails to attack.
The water moccasin bites you but does no damage.
The cane toad stings you but does no damage.
The water moccasin bites you!
* * * LOW HITPOINT WARNING * * *
Your yak misses the water moccasin. The cane toad stings you.
* * * LOW HITPOINT WARNING * * *
You are lethally poisoned!
The cane toad poisons you!
The water moccasin bites you but does no damage.
Your yak gores the water moccasin.
You have turned to stone.
Your Fire Magic skill increases to level 3!
The cane toad stings you but does no damage.
The water moccasin bites you but does no damage.
Your yak barely misses the water moccasin.
The water moccasin bites you but does no damage.
The cane toad stings you but does no damage.
The water moccasin bites you but does no damage.
Your yak barely misses the water moccasin.
The cane toad stings you but does no damage.
The water moccasin bites you but does no damage.
The cane toad stings you!
You die...

○PP....P.○.P...
...[...○..P○..○
.....○..°..○.$.
..○...8○○P..○..
....○○....°...P
.......Y...P.P.
.○○..SP)°S..○P○♣
.....○†♣.○....♣
.○..○..○F○.°○♣♣
.○○..P.°.......
°♣..○..†....♣..^#
#P......○♣♣..?○..
###.♣.........○..
###...○........
#°†○○.....○..
###..........


You could see a cane toad, a water moccasin (ally target), a friendly yak
(summoned, very poisoned) and a friendly water moccasin (summoned, petrified).

Vanquished Creatures
  3 elephants
  A cane toad (Lair:1)
  A troll (D:8)
  A hornet (D:10)
  A slime creature (D:10)
  A spriggan (Lair:1)
  A vampire (D:9)
  A basilisk (Lair:1)
  6 yaks
  Grum (D:9)
  3 steam dragons
  Duvessa (D:5)
  3 water moccasins
  2 black bears (D:9)
  11 orc warriors
  2 sky beasts
  An ice beast (D:6)
  2 ogres (D:5)
  12 centaurs
  3 wolves
  A phantom (D:5)
  4 kobold brigands
  3 bullfrogs
  A scorpion (D:5)
  2 gnoll sergeants (D:7)
  18 wights
  Dowan (D:5)
  3 howler monkeys (D:9)
  A bombardier beetle (D:6)
  2 jellies (D:6)
  6 hounds
  3 orc priests (D:8)
  3 iguanas
  2 orc wizards
  8 adders
  7 gnolls (D:7)
  2 white imps
  2 ufetubi (D:5)
  4 dart slugs
  2 ribbon worms
  41 orcs
  2 endoplasms (D:4)
  3 giant cockroaches (D:1)
  6 hobgoblins
  4 jackals
  4 quokkas
  5 ball pythons
  5 bats
  2 frilled lizards
  10 goblins
  21 kobolds
  3 rats (D:1)
238 creatures vanquished.

Vanquished Creatures (collateral kills)
  An elephant (Lair:1)
  2 black bears (Lair:1)
  2 wolves (Lair:1)
5 creatures vanquished.

Grand Total: 243 creatures vanquished

Notes
Turn   | Place    | Note
-------+----------+-------------------------------------------
     0 | D:1      | PublicAnimeNo1 the Demonspawn Alchemist began the quest for
                  | the Orb.
     0 | D:1      | Reached XP level 1. HP: 13/13 MP: 3/3
   414 | D:1      | Gained mutation: You are partially covered in sharp spines.
                  | [demonic ancestry]
   414 | D:1      | Reached XP level 2. HP: 19/19 MP: 3/5
   612 | D:1      | Reached skill level 4 in Alchemy
   966 | D:2      | Gained mutation: You are mostly covered in sharp spines.
                  | [demonic ancestry]
   966 | D:2      | Reached XP level 3. HP: 24/24 MP: 4/6
  2146 | D:3      | Gained mutation: You regenerate magic rapidly. [demonic
                  | ancestry]
  2146 | D:3      | Reached XP level 4. HP: 29/30 MP: 5/7
  2224 | D:3      | Reached skill level 5 in Alchemy
  2486 | D:3      | Found an iron altar of Okawaru.
  2530 | D:3      | Found a faded altar of an unknown god.
  2842 | D:4      | Found a snail-covered altar of Cheibriados.
  2960 | D:4      | Found Suosotz's Elemental Accessories.
  3046 | D:4      | Noticed an ogre
  3052 | D:4      | Learned a level 3 spell: Mephitic Cloud
  3055 | D:4      | Learned a level 2 spell: Mercury Vapours
  3405 | D:4      | Reached XP level 5. HP: 30/35 MP: 4/8
  3713 | D:5      | Entered Level 5 of the Dungeon
  3738 | D:5      | Found an opulent altar of Gozag.
  3741 | D:5      | Found a broken altar of Ashenzari.
  3772 | D:5      | Reached skill level 6 in Alchemy
  3791 | D:5      | Noticed an ogre
  3843 | D:5      | Reached skill level 1 in Fighting
  3960 | D:5      | Noticed a phantom
  3971 | D:5      | Killed a phantom
  3972 | D:5      | Reached XP level 6. HP: 43/43 MP: 9/9
  4141 | D:5      | Noticed Duvessa
  4141 | D:5      | Noticed Dowan
  4157 | D:5      | Reached skill level 7 in Alchemy
  4183 | D:5      | Killed Dowan
  4184 | D:5      | Reached XP level 7. HP: 25/50 MP: 8/10
  4198 | D:5      | Killed Duvessa
  4615 | D:5      | Found a sparkling altar of Nemelex Xobeh.
  4936 | D:6      | Learned a level 4 spell: Olgreb's Toxic Radiance
  5253 | D:6      | Reached skill level 8 in Alchemy
  5253 | D:6      | Reached skill level 1 in Evocations
  5253 | D:6      | Gained mutation: You are completely covered in sharp
                  | spines. [demonic ancestry]
  5253 | D:6      | Reached XP level 8. HP: 34/58 MP: 10/12
  6014 | D:7      | Found a staircase to the Ecumenical Temple.
  6023 | Temple   | Entered the Ecumenical Temple
  6033 | Temple   | Became a worshipper of Ru the Awakened
  6059 | D:7      | Found a flagged portal.
  6094 | Bailey   | Entered a bailey
  6293 | Bailey   | Reached skill level 9 in Alchemy
  6293 | Bailey   | Reached XP level 9. HP: 53/66 MP: 10/14
  6369 | Bailey   | Reached skill level 5 in Stealth
  6514 | Bailey   | Reached skill level 1 in Short Blades
  6681 | Bailey   | Reached skill level 5 in Fighting
  7213 | D:7      | Reached skill level 5 in Spellcasting
  7337 | D:7      | Gained mutation: You are clumsy. (Dex -2) [Ru sacrifice]
  7424 | D:7      | Found a runed translucent door.
  7425 | D:7      | Noticed Crazy Yiuf
  7537 | D:7      | Found a shimmering altar of Xom.
  7692 | D:8      | Noticed a troll
  7705 | D:8      | Killed a troll
  7706 | D:8      | Gained mutation: When seriously injured, your blood forms
                  | armour. (AC +0) [demonic ancestry]
  7706 | D:8      | Reached XP level 10. HP: 53/76 MP: 5/17
  8765 | D:9      | Reached skill level 5 in Evocations
  8838 | D:9      | Learned a level 4 spell: Sticky Flame
  9041 | D:9      | Found a staircase to the Lair.
  9041 | D:9      | Noticed an elephant
  9054 | D:9      | Killed an elephant
  9055 | D:9      | Reached skill level 1 in Fire Magic
  9055 | D:9      | Reached skill level 10 in Alchemy
  9173 | D:9      | Noticed Grum
  9185 | D:9      | Killed Grum
  9246 | D:9      | Found Leowerad's Serpentskin Sales.
  9338 | D:9      | Gained mutation: You are somewhat inexperienced. (-1 XL)
                  | [Ru sacrifice]
  9338 | D:9      | Reached XP level 9. HP: 71/71 MP: 5/18
  9338 | D:9      | Reached * piety under Ru
  9338 | D:9      | Reached ** piety under Ru
  9778 | D:9      | Found a shimmering blue altar of Sif Muna.
  9819 | D:10     | Entered Level 10 of the Dungeon
 10004 | D:10     | Reached XP level 10. HP: 60/74 MP: 14/19
 10253 | Lair:1   | Entered Level 1 of the Lair of Beasts
 10293 | Lair:1   | HP: 3/118 [water moccasin (4)]
 10296 | Lair:1   | Slain by a cane toad

Illustrated notes

Levels and vault maps discovered:
D:1:      wander_arrival_estate, layout_rooms, serial_rivers,
          chequers_serial_rivers_micro_b, chequers_serial_rivers_room_b,
          chequers_serial_rivers_large_b, chequers_serial_rivers_small_b
D:2:      layout_basic, basic_altar
D:3:      layout_loops_ring, marbit_many_paths, ebering_ecumenical_altar_webs
D:4:      layout_basic, mainiacjoe_overflow_small_starburst,
          mainiacjoe_overflow_boulevard, nicolae_elemental_shop
D:5:      layout_cave_pools, kennysheep_little_box, nicolae_overflow_squiral,
          nicolae_titane, uniq_duvessa
D:6:      layout_basic
D:7:      layout_basic, mainiacjoe_overflow_chevrons,
          minmay_temple_entry_arrows, enter_bailey_5, uniq_crazy_yiuf_cottage
D:8:      layout_gridville
D:9:      layout_stronghold, mainiacjoe_overflow_alcove_4, david_lair_generic,
          minmay_misc_feat_cross, guppyfry_shop_venom, uniq_grum
D:10:     layout_long_grid, serial_glass, glass_columns_c, glass_columns_a,
          lightli_minifort, uniq_lodul, uniq_maurice, uniq_harold
Temple:   compressed_dpeg_circular_temple
Lair:1:   layout_chaotic_city, gauntlet_entry_generic, basic_altar,
          grunt_forest_large_clearings

Skill      XL: |  1  2  3  4  5  6  7  8  9 10 |
---------------+-------------------------------+-----
Alchemy        | 4 5 6 7 8 9 10 | 10.4
Fighting       | 1 2 3 4 5 7 |  7.1
Stealth        | 2 3 4 6 7 |  7.5
Spellcasting   | 3 5 6 |  6.5
Evocations     | 1 2 4 5 |  5.0
Short Blades   | 2 4 |  4.9
Fire Magic     | 2 3 |  3.0
Dodging        | |  1.7
Conjurations   | |  1.0

Action                     |  1- 3 |  4- 6 |  7- 9 | 10-12 || total
---------------------------+-------+-------+-------+-------++-------
  Melee: Dagger            |    25 |    52 |    76 |    70 ||   223
         Spear             |       |       |    22 |       ||    22
         Punch             |       |       |       |     8 ||     8
   Cast: Sting             |    53 |    56 |    27 |     4 ||   140
         Olgreb's Toxic Ra |       |       |    33 |    16 ||    49
         Mephitic Cloud    |       |       |    22 |     8 ||    30
         Sticky Flame      |       |       |     6 |    19 ||    25
 Invoke: Sacrifice Purity  |       |       |     1 |       ||     1
         Sacrifice Experie |       |       |     1 |       ||     1
  Evoke: Wand              |       |     2 |    19 |     3 ||    24
    Use: Scroll            |     1 |     4 |    12 |     5 ||    22
         Potion            |       |       |     1 |     5 ||     6
   Stab: Paralysed         |       |     6 |     7 |       ||    13
         Confused          |       |       |     5 |     5 ||    10
         Sleeping          |       |       |     3 |     1 ||     4
 Armour: Robe              |    23 |    23 |    39 |       ||    85
         Leather armour    |       |       |    59 |    29 ||    88
         Ring mail         |       |       |     1 |     6 ||     7
         Skin              |       |       |       |    47 ||    47
  Dodge: Dodged            |    28 |    24 |    55 |    37 ||   144

Table legend: (Time is in decaauts)
 A = Elapsed time spent in this place.
 B = Non-inter-level travel time spent in this place.
 C = Inter-level travel time spent in this place.
 D = Time resting spent in this place.
 E = Time spent auto-exploring this place.
 F = Levels seen in this place.
 G = Mean time per level.
                   A        B        C        D        E       F      G
               +--------+--------+--------+--------+--------+-----+--------+
         Total |  10347 |   9954 |    393 |   1497 |   6664 |  13 |  795.9 |
       Dungeon |   9394 |   9006 |    388 |   1188 |   6395 |  10 |  939.4 |
        Temple |     20 |     15 |      5 |      0 |      0 |   1 |   20.0 |
          Lair |     42 |     42 |      0 |      0 |      0 |   1 |   42.0 |
        Bailey |    890 |    890 |      0 |    309 |    269 |   1 |  890.0 |
               +--------+--------+--------+--------+--------+-----+--------+

Top non-repeatable levels by time:
     D:5: 1274 daAuts
     D:2: 1183 daAuts
     D:9: 1145 daAuts
     D:8: 1040 daAuts
     D:4: 976 daAuts
     D:6: 931 daAuts
  Bailey: 890 daAuts
     D:7: 869 daAuts
     D:1: 861 daAuts
     D:3: 741 daAuts
    D:10: 369 daAuts
  Lair:1: 42 daAuts
  Temple: 20 daAuts
